Map: Ulrena

Players

WildCatBrown - Winner!

  • Race: Protoss Protoss
  • League: Silver

tragichealer

  • Race: Protoss Protoss
  • League: Bronze

VOD

Have the link to the VOD?

Description

Time

  • Played on: Jan. 10, 2016, 7:36 p.m.
  • Length: 11:00
Show
View Real Time Build Order
Export as new Build Order

WildCatBrown Protoss - Winner!

Build Orders: 1 Gate Expand 

Get SALT Encoding   

  12  0:01  Probe (Chrono Boost)  
  13  0:11  Probe (Chrono Boost)  
  14  0:20  Pylon  
  14  0:22  Probe (Chrono Boost)  
  15  0:38  Probe (Chrono Boost)  
  15  0:41  Gateway  
  16  0:48  Probe (Chrono Boost)  
  17  0:52  Assimilator  
  17  0:59  Probe (Chrono Boost)  
  18  1:10  Probe (Chrono Boost)  
  19  1:20  Probe (Chrono Boost)  
  20  1:27  Nexus  
  20  1:31  Probe (Chrono Boost)  
  21  1:43  Cybernetics Core  
  21  1:46  Probe (Chrono Boost)  
  22  2:01  Pylon  
  22  2:09  Probe (Chrono Boost)  
  22  2:13  Assimilator  
  23  2:19  Probe (Chrono Boost), Zealot  
  26  2:23  Gateway  
  26  2:30  Probe (Chrono Boost)  
  26  2:41  Gateway  
  28  2:44  Mothership Core (Chrono Boost)  
  28  2:47  Probe (Chrono Boost)  
  29  2:55  Pylon  
  29  2:57  Adept, Pylon  
  29  2:58  Probe (Chrono Boost)  
  32  3:02  Probe (Chrono Boost)  
  33  3:10  Adept  
  35  3:13  Probe (Chrono Boost)  
  35  3:14  Probe (Chrono Boost)  
  37  3:24  Probe x2 (Chrono Boost)  
  39  3:30  Adept, Pylon  
  41  3:37  Adept  
  43  3:43  Probe x2 (Chrono Boost)  
  45  3:52  Assimilator  
  45  3:54  Assimilator  
  45  3:58  Robotics Facility  
  45  4:00  Probe x2 (Chrono Boost)  
  47  4:06  Warp Gate (Chrono Boost)  
  47  4:09  Probe (Chrono Boost)  
  47  4:10  Probe  
  47  4:14  Adept x2  
  53  4:20  Probe  
  53  4:23  Probe  
  55  4:27  Adept  
  55  4:30  Probe  
  57  4:35  Probe  
  57  4:38  Twilight Council  
  59  4:41  Probe, Adept  
  59  4:44  Forge  
  62  4:47  Probe  
  62  4:51  Probe, Warp Prism (Chrono Boost)  
  65  4:59  Probe  
  67  5:02  Probe  
  67  5:06  Stalker  
  70  5:12  Protoss Ground Weapons Level 1 (Chrono Boost)  
  70  5:19  Pylon  
  70  5:30  Resonating Glaives (Chrono Boost)  
  70  5:37  Stalker x2, Probe x2  
  76  5:49  Probe  
  77  5:50  Pylon  
  77  5:52  Pylon  
  77  6:00  Probe  
  77  6:03  Nexus  
  78  6:07  Assimilator  
  78  6:08  Probe  
  78  6:09  Assimilator  
  79  6:12  Pylon  
  79  6:15  Pylon  
  73  6:34  Adept  
  73  6:36  Immortal  
  79  6:48  Robotics Facility  
  79  6:50  Robotics Bay  
  79  6:53  Adept x2  
  83  7:03  Protoss Ground Weapons Level 2  
  83  7:05  Blink (Chrono Boost)  
  83  7:13  Adept  
  83  7:14  Gateway  
  89  7:15  Immortal  
  89  7:16  Gateway  
  89  7:25  Adept  
  91  7:34  Probe  
  91  7:35  Probe x2  
  94  7:44  Probe  
  95  7:53  Disruptor  
  95  7:55  Stalker, Immortal, Probe  
  95  7:56  Stalker x2  
  95  8:28  Disruptor  
  95  8:29  Probe  
  95  8:33  Disruptor, Pylon  
  102  8:40  Probe  
  102  8:44  Robotics Facility  
  103  8:50  Probe  
  103  8:53  Charge (Chrono Boost)  
  104  8:56  Extended Thermal Lance  
  104  9:05  Disruptor (Chrono Boost)  
  104  9:08  Pylon  
  104  9:09  Disruptor (Chrono Boost)  
  110  9:11  Pylon  
  110  9:15  Probe  
  110  9:16  Probe x2  
  113  9:31  Nexus  
  113  9:33  Assimilator  
  113  9:34  Immortal (Chrono Boost)  
  113  9:37  Assimilator  
  117  9:39  Stalker x5  
  117  9:40  Pylon  
  117  9:44  Observer x2 (Chrono Boost), Pylon  
  129  10:03  Immortal (Chrono Boost)  
  137  10:07  Immortal (Chrono Boost)  
  137  10:09  Immortal (Chrono Boost)  
  141  10:25  Gateway  
  141  10:27  Probe x2, Pylon  
Show
View Real Time Build Order
Export as new Build Order

tragichealer Protoss 

Build Orders:  

Get SALT Encoding   

  12  0:01  Probe (Chrono Boost)  
  13  0:12  Probe (Chrono Boost)  
  14  0:20  Pylon  
  14  0:22  Probe (Chrono Boost)  
  15  0:38  Probe (Chrono Boost)  
  16  0:47  Gateway  
  16  0:49  Probe (Chrono Boost)  
  17  0:52  Assimilator  
  17  1:00  Probe (Chrono Boost)  
  18  1:10  Probe (Chrono Boost)  
  19  1:12  Assimilator  
  19  1:21  Pylon  
  19  1:23  Probe (Chrono Boost)  
  20  1:34  Probe (Chrono Boost)  
  20  1:37  Cybernetics Core  
  21  1:45  Probe (Chrono Boost)  
  22  1:55  Probe (Chrono Boost)  
  23  2:11  Nexus  
  23  2:14  Warp Gate (Chrono Boost)  
  23  2:19  Stalker  
  25  2:23  Probe  
  26  2:35  Probe  
  27  2:41  Gateway  
  27  2:45  Pylon  
  27  3:01  Probe  
  27  3:13  Probe  
  27  3:17  Robotics Facility  
  28  3:22  Gateway, Probe  
  29  3:28  Mothership Core  
  31  3:34  Assimilator  
  31  3:38  Probe  
  32  3:49  Probe  
  33  4:04  Forge  
  33  4:05  Observer  
  33  4:07  Pylon  
  34  4:10  Stalker x2  
  38  4:18  Gateway  
  38  4:25  Probe  
  38  4:26  Probe  
  38  4:28  Assimilator  
  40  4:32  Pylon  
  40  4:38  Probe, Protoss Ground Weapons Level 1  
  40  4:43  Probe  
  40  4:44  Pylon  
  42  4:50  Probe  
  43  4:53  Probe  
  44  5:03  Probe  
  44  5:04  Stalker x2, Probe  
  44  5:05  Stalker  
  52  5:13  Immortal  
  56  5:16  Probe  
  56  5:17  Probe  
  58  5:27  Probe  
  59  5:30  Stalker, Probe  
  62  5:37  Probe  
  63  5:47  Stalker x3  
  69  6:23  Protoss Ground Armor Level 1 (Chrono Boost)  
  67  6:26  Stalker x4  
  75  6:40  Twilight Council  
  75  6:58  Pylon  
  75  6:59  Nexus  
  75  7:05  Stalker  
  77  7:11  Pylon  
  77  7:15  Assimilator  
  77  7:16  Immortal, Blink (Chrono Boost)  
  77  7:19  Assimilator  
  77  7:45  Stalker x4  
  83  7:54  Warp Prism  
  83  8:13  Protoss Ground Weapons Level 2  
  83  8:17  Stalker x4  
  92  8:20  Probe x2  
  92  8:21  Probe  
  94  8:32  Probe x3  
  97  8:43  Probe  
  97  8:44  Stalker x2, Probe x2  
  104  8:53  Probe  
  105  8:56  Probe  
  106  9:03  Stalker  
  108  9:13  Probe  
  108  9:14  Pylon  
  109  9:18  Pylon  
  109  9:21  Pylon  
  109  9:23  Charge (Chrono Boost)  
  109  9:24  Gateway  
  109  9:26  Gateway  
  109  9:30  Probe  
  109  9:32  Probe x2  
  112  9:41  Probe  
  112  9:44  Stalker x2, Probe  
  112  9:45  Stalker  
  120  9:58  Zealot  
  122  10:09  Zealot x2  
  122  10:10  Zealot  
  128  10:15  Dark Shrine  
  68  10:40  Stalker x4  
Tags
 
Add a new tag
Caveats
  • Supply blocks, unpowered buildings, or Contaminate may cause inaccurate times.
  • Supply counts are checked every 10 seconds.